 Dungeon Crawl Stone Soup version 0.18.1-48-g4cf74bf (webtiles) character file.

8936 Heedrag the Cleaver (level 11, 0/94 HPs)
             Began as a Minotaur Fighter on Aug 13, 2016.
             Was an Elder of Okawaru.
             Shot with an arrow by a centaur (8 damage)
             ... on level 11 of the Dungeon.
             The game lasted 00:18:51 (7887 turns).

Heedrag the Cleaver (Minotaur Fighter)              Turns: 7887, Time: 00:18:52

Health: 0/94       AC: 13    Str: 24    XL:     11   Next: 16%
Magic:  12/12      EV: 11    Int:  5    God:    Okawaru [****..]
Gold:   533        SH: 11    Dex: 10    Spells: 0 memorised, 10 levels left

rFire  . . .     SeeInvis .     a - +0 war axe
rCold  . . .     Gourm    .     b - +0 scale mail
rNeg   . . .     Faith    .     c - +0 shield
rPois  .         Spirit   .     (helmet restricted)
rElec  .         Dismiss  .     s - +2 cloak
rCorr  .         Reflect  .     B - +0 pair of gloves
SustAt +         Harm     .     (no boots)
MR     .....                    P - amulet of regeneration
Stlth  ..........               F - ring of sustain attributes
                                Y - ring of loudness (curse)

@: not resistant to hostile enchantments, extremely unstealthy
A: retaliatory headbutt, horns 2
a: Heroism, Renounce Religion


You were on level 11 of the Dungeon.
You worshipped Okawaru.
Okawaru was greatly pleased with you.
You were very hungry.

You visited 2 branches of the dungeon, and saw 12 of its levels.
You also visited: Sewer.

You collected 533 gold pieces.

Inventory:

Hand Weapons
 a - a +0 war axe (weapon)
 r - a +4 quarterstaff of chaos
 E - a +2 rapier of draining
 G - a +0 flail
 H - a +2 flail of protection
Armour
 b - a +0 scale mail (worn)
 c - a +0 shield (worn)
 s - a +2 cloak (worn)
 B - a +0 pair of gloves (worn)
 K - an ice dragon hide
 O - a +0 buckler of fire resistance
 T - the +0 robe of the Hart {+Blink rC+ Dex+4 Stlth+, unknown}
   (You found it on level 7 of the Dungeon)

   It affects your dexterity (+4).
   It protects you from cold.
   It lets you blink.
   It makes you more stealthy.
Rods
 I - a -1 rod of shadows (11/11)
   (You found it on level 5 of the Dungeon)
Jewellery
 k - an uncursed ring of positive energy
 F - a ring of sustain attributes (right hand)
 J - a +3 ring of dexterity
 N - the amulet "Siskest" {Inacc rElec rF+ Int+3}
   (You found it on level 6 of the Dungeon)

   [amulet of inaccuracy]

   It reduces the accuracy of all your attacks.
   It affects your intelligence (+3).
   It protects you from fire.
   It insulates you from electricity.
 P - an amulet of regeneration (around neck)
 Y - a cursed ring of loudness (left hand)
Wands
 u - a wand of polymorph (15/24)
 w - a wand of digging (7/24)
 Q - a wand of flame (21/48)
 R - a wand of confusion (19/48)
 W - a wand of slowing (6/48)
 Z - a wand of paralysis (11/24)
Scrolls
 e - a scroll of magic mapping {unknown}
 h - 2 scrolls of random uselessness {unknown}
 l - 9 scrolls of teleportation {unknown}
 n - 14 scrolls of identify {unknown}
 o - 4 scrolls of remove curse {unknown}
 p - 4 scrolls of fear {unknown}
 y - 4 scrolls of blinking {unknown}
 A - a scroll of enchant weapon {unknown}
 S - a scroll of brand weapon {unknown}
 V - 2 scrolls of recharging {unknown}
Potions
 d - 2 potions of might
 i - 3 potions of berserk rage {unknown}
 j - 3 potions of agility
 m - 3 potions of heal wounds {unknown}
 q - a potion of resistance {unknown}
 t - 2 potions of lignification {unknown}
 v - 2 potions of cancellation {unknown}
 x - 2 potions of invisibility
 z - a potion of degeneration {unknown}
 C - 7 potions of curing {unknown}
 D - a potion of brilliance {unknown}
 M - a potion of haste {unknown}
Books
 U - a book of Frost

   Spells                             Type                      Level
   a - Freeze                         Ice                          1
   b - Throw Frost                    Conjuration/Ice              2
   c - Ozocubu's Armour               Charms/Ice                   3
   d - Throw Icicle                   Conjuration/Ice              4
   e - Summon Ice Beast               Ice/Summoning                4
 X - a book of Necromancy

   Spells                             Type                      Level
   a - Pain                           Necromancy                   1
   b - Animate Skeleton               Necromancy                   1
   c - Vampiric Draining              Necromancy                   3
   d - Regeneration                   Charms/Necromancy            3
   e - Animate Dead                   Necromancy                   4
   f - Control Undead                 Necromancy                   4
Comestibles
 f - 5 bread rations
 g - 10 meat rations


   Skills:
 + Level 8.0 Fighting
 * Level 14.3 Axes
 + Level 8.3 Armour
 + Level 6.1 Dodging
 + Level 7.0 Shields
 + Level 3.9 Invocations


You had 10 spell levels left.
You didn't know any spells.

Dungeon Overview and Level Annotations

Branches:
Dungeon (11/15)            Temple (1/1) D:7            Lair (0/8) D:11
    Orc (0/2) D:10

Altars:
Ashenzari
Cheibriados
Dithmenos
Elyvilon
Fedhas
Gozag
Kikubaaqudgha
Makhleb
Nemelex Xobeh
Okawaru
Pakellas
Qazlal
Ru
Sif Muna
Trog
Vehumet
Xom
Yredelemnul
Zin
The Shining One

Shops:
D:10 [   D:11 (

Annotations:
D:4 ThereIsNoGod's ghost, novice MiGl
D:9 Heedrag's ghost, novice MiFi


Innate Abilities, Weirdness & Mutations

You reflexively headbutt those who attack you in melee.
You have a pair of horns on your head.


Message History

Ye slice tha centaur warrior!!
Ye kill tha centaur warrior!
Okawaru accepts yer kill.
Yer Fightin' skill increases ta level 8!
Yer Shields skill increases ta level 7!
Thin's tha be 'ere: an uncursed halberd; an uncursed shortbow; 18 arrows Thar ain't anythin' ta butcher 'ere.
Thar ain't anythin' ta butcher 'ere.
Thar ain't anythin' ta butcher 'ere.
Unknown command.
Thin's tha be 'ere: a war axe; a leathar armour Thar ain't anythin' ta butcher 'ere.
Thar ain't anythin' ta butcher 'ere.
Ye see 'ere a hand axe.
Ye start restin'.
A centaur comes inta view.
Tha centaur wields a shortbow.
Tha centaur shoots an arrow.
Tha arrow hits ye!
Ye die...

#.# #.)#......#
#§.(.((......# #.#
#....####.# ##.#....#....#
#.# #.#.#####.#
##.#.......... ###.#
#.#....##.# #..#......## .
....#
#.####.##.####).#......#
.####
#.####.##.)c(().#:.......
<#
#.##...##()###..######K...
.# #.##.####..# ##....
o.R. .# #.##)# #.@# ......
.# #>##[# #..# ...... .#
#.##[####..# ...... .#
#..))......# .#.... ##
####.#####.# .... # #...#
#.# # #.#.# #.# # #...#
#.# # #.∩.# #.#


You could see a centaur.

Vanquished Creatures
  A centaur warrior (D:11)
  A hill giant (D:10)
  A gargoyle (D:8)
  2 efreet (D:11)
  2 trolls (D:10)
  A merfolk (D:9)
  Grinder (D:3)
  A vampire (D:11)
  4 yaks (D:11)
  Eustachio (D:4)
  A wraith (D:11)
  A hungry ghost (D:9)
  A warg (D:10)
  Purgy (Sewer)
  6 orc warriors
  2 sky beasts
  4 black bears
  2 ice beasts (D:9)
  A phantom (D:8)
  An ogre (D:10)
  4 centaurs
  A crocodile (D:8)
  8 giant frogs
  2 big kobolds
  3 scorpions
  7 wights
  6 howler monkeys
  3 crimson imps
  A quasit (D:7)
  A centaur zombie (D:7)
  4 jellies
  Crazy Yiuf (D:2)
  9 orc priests
  6 hounds
  A centaur skeleton (D:4)
  3 giant frog skeletons
  Jessica (D:3)
  An iguana (D:4)
  7 orc wizards
  3 worker ants
  3 hound skeletons
  15 gnolls
  A worker ant zombie (D:4)
  A howler monkey skeleton (D:8)
  8 adders
  A shadow imp (D:9)
  An adder skeleton (D:10)
  An adder zombie (D:5)
  3 dart slugs
  5 giant geckos
  39 orcs
  9 giant cockroaches
  6 goblins
  3 hobgoblins
  9 jackals
  25 kobolds
  5 quokkas
  3 ball pythons
  10 bats
  A giant gecko skeleton (D:6)
  A giant gecko zombie (D:7)
  5 giant newts
  A quokka zombie (D:9)
  6 rats
269 creatures vanquished.

Notes
Turn   | Place    | Note
--------------------------------------------------------------
     0 | D:1      | Heedrag the Minotaur Fighter began the quest for the Orb.
     0 | D:1      | Reached XP level 1. HP: 19/19 MP: 0/0
    60 | D:1      | Reached skill level 3 in Axes
    78 | D:1      | Reached XP level 2. HP: 24/26 MP: 1/1
   199 | D:1      | Reached skill level 4 in Axes
   299 | D:1      | Reached XP level 3. HP: 31/31 MP: 2/2
   753 | D:2      | Reached skill level 5 in Axes
   757 | D:2      | Found an ancient bone altar of Kikubaaqudgha.
   813 | D:2      | Noticed Crazy Yiuf
   817 | D:2      | Killed Crazy Yiuf
   817 | D:2      | Reached XP level 4. HP: 31/39 MP: 3/3
   953 | D:2      | Found a basalt altar of Yredelemnul.
  1030 | D:3      | Noticed Jessica
  1036 | D:3      | Killed Jessica
  1037 | D:3      | Reached skill level 6 in Axes
  1143 | D:3      | Noticed Grinder
  1160 | D:3      | Killed Grinder
  1160 | D:3      | Reached skill level 8 in Axes
  1160 | D:3      | Reached XP level 5. HP: 39/45 MP: 4/4
  1160 | D:3      | Reached XP level 6. HP: 44/51 MP: 5/5
  1213 | D:3      | Found a glowing drain.
  1219 | Sewer    | Entered a sewer
  1279 | Sewer    | Noticed Purgy
  1284 | Sewer    | Killed Purgy
  1539 | D:3      | Reached skill level 9 in Axes
  1543 | D:3      | Reached XP level 7. HP: 14/57 MP: 6/6
  1759 | D:3      | Found a deep blue altar of Sif Muna.
  2031 | D:4      | Reached skill level 10 in Axes
  2158 | D:4      | Noticed Eustachio
  2198 | D:4      | Killed Eustachio
  2198 | D:4      | Reached skill level 11 in Axes
  2248 | D:4      | Reached XP level 8. HP: 52/64 MP: 7/7
  2415 | D:4      | Noticed ThereIsNoGod's ghost (novice MiGl)
  2645 | D:5      | Entered Level 5 of the Dungeon
  2910 | D:5      | Reached skill level 1 in Dodging
  3391 | D:6      | Got a wavering sapphire amulet
  3392 | D:6      | Identified the amulet "Siskest" {Inacc rElec rF+ Int+3} (You found it on level 6 of the Dungeon)
  3469 | D:6      | Reached skill level 12 in Axes
  3677 | D:6      | Reached skill level 5 in Armour
  3686 | D:6      | Reached skill level 5 in Fighting
  4006 | D:7      | Reached XP level 9. HP: 69/74 MP: 8/8
  4186 | D:7      | Found a staircase to the Ecumenical Temple.
  4200 | Temple   | Entered the Ecumenical Temple
  4570 | D:7      | Got a crude robe
  5020 | D:8      | Noticed a gargoyle
  5030 | D:8      | Killed a gargoyle
  5150 | D:8      | Found an iron altar of Okawaru.
  5162 | D:8      | Reached skill level 13 in Axes
  5169 | D:8      | Became a worshipper of Warmaster Okawaru
  5205 | D:8      | Found a sparkling altar of Nemelex Xobeh.
  5205 | D:8      | Found a glowing silver altar of Zin.
  5206 | D:8      | Found a burning altar of Makhleb.
  5729 | D:9      | Reached skill level 5 in Shields
  5770 | D:9      | Reached skill level 1 in Invocations
  5783 | D:9      | Reached * piety under Okawaru
  5913 | D:9      | Noticed a merfolk
  5924 | D:9      | Killed a merfolk
  5924 | D:9      | Reached XP level 10. HP: 72/84 MP: 9/9
  5959 | D:9      | Found a stormy altar of Qazlal.
  6019 | D:9      | Gained mutation: You have a pair of large horns on your head. [mutagenic meat]
  6020 | D:9      | Gained mutation: Your body sometimes deteriorates upon taking damage. [mutagenic meat]
  6021 | D:9      | Gained mutation: You are robust (+10% HP). [mutagenic meat]
  6022 | D:9      | Gained mutation: Armour fits poorly on your strangely shaped body. [mutagenic meat]
  6023 | D:9      | Gained mutation: Your magical capacity is low (-10% MP). [mutagenic meat]
  6107 | D:9      | Noticed Heedrag's ghost (novice MiFi)
  6169 | D:10     | Entered Level 10 of the Dungeon
  6489 | D:10     | Reached ** piety under Okawaru
  6519 | D:10     | Found a staircase to the Orcish Mines.
  6549 | D:10     | Reached skill level 5 in Dodging
  6563 | D:10     | Noticed a hill giant
  6574 | D:10     | Killed a hill giant
  6815 | D:10     | Found Aruz's Antique Armour Shop.
  7190 | D:10     | Lost mutation: You are robust (+10% HP). [potion of cure mutation]
  7190 | D:10     | Lost mutation: Your body sometimes deteriorates upon taking damage. [potion of cure mutation]
  7190 | D:10     | Lost mutation: Your magical capacity is low (-10% MP). [potion of cure mutation]
  7190 | D:10     | Lost mutation: You have a pair of large horns on your head. [potion of cure mutation]
  7190 | D:10     | Lost mutation: Armour fits poorly on your strangely shaped body. [potion of cure mutation]
  7375 | D:11     | Found a staircase to the Lair.
  7381 | D:11     | Reached *** piety under Okawaru
  7425 | D:11     | Reached skill level 14 in Axes
  7460 | D:11     | Found Kusisk's Weapon Shop.
  7645 | D:11     | Found a sparkling altar of Nemelex Xobeh.
  7814 | D:11     | Reached **** piety under Okawaru
  7814 | D:11     | Reached XP level 11. HP: 83/93 MP: 12/12
  7867 | D:11     | Noticed a centaur warrior
  7868 | D:11     | HP: 4/94 [centaur warrior/arrow (16)]
  7875 | D:11     | HP: 1/94 [centaur warrior/uncursed halberd (5)]
  7877 | D:11     | Killed a centaur warrior
  7887 | D:11     | Shot with an arrow by a centaur

Skill      XL: |  1  2  3  4  5  6  7  8  9 10 11 |
---------------+----------------------------------+-----
Axes           | 3 4 5 8 9 11 12 13 14 | 14.3
Armour         | 5 6 8 |  8.3
Dodging        | 2 4 5 6 |  6.1
Fighting       | 5 6 7 8 |  8.0
Shields        | 5 6 7 |  7.0
Invocations    | 1 3 |  3.9

Action                   |  1- 3 |  4- 6 |  7- 9 | 10-12 || total
-------------------------+-------+-------+-------+-------++-------
Melee: War axe           |    87 |    74 |   468 |   247 ||   876
       Headbutt          |    12 |    14 |    95 |    58 ||   179
  Use: Potion            |       |       |       |     1 ||     1
  Eat: Chunk             |       |     2 |    14 |    12 ||    28
       Pizza             |       |       |     1 |       ||     1
       Beef jerky        |       |       |     1 |       ||     1
Armor: Scale mail        |    46 |    29 |   138 |    79 ||   292
Dodge: Dodged            |    26 |    16 |   104 |    83 ||   229
Block: Shield            |    62 |    38 |   197 |   127 ||   424
